3AAA
WILMINGTON BAY HAWKS @ HAMILTON COYOTES
08/08/2024
 
TOP OF THE 1ST
Wilmington Bay Hawks batting - Pitching for Hamilton Coyotes : LHP Earl Brown
Pitching: LHP Earl Brown
Batting: LHB Dave Smerdon 0-0: Ball
1-0: Called Strike
1-1: Ball
2-1: SINGLE (Flyball, 89S)
Batting: RHB Stephen Johnson 0-0: Called Strike
0-1: Ball
1-1: Foul Ball, location: 2F
1-2: Fly out, F8 (Flyball, 8RM)
Batting: RHB Phil Terry 0-0: Foul Ball, location: 2F
0-1: Ball
1-1: Ball
2-1: Called Strike
2-2: Strikes out swinging
Batting: LHB Phil Parkinson 0-0: Called Strike
Dave Smerdon is caught stealing 2nd base
Top of the 1st over - 0 run(s), 1 hit(s), 0 error(s), 0 left on base; Wilmington 0 - Hamilton 0
BOTTOM OF THE 1ST
Hamilton Coyotes batting - Pitching for Wilmington Bay Hawks : LHP Cyrille Bertoletti
Pitching: LHP Cyrille Bertoletti
Batting: RHB Jon Erickson 0-0: Swinging Strike
0-1: Swinging Strike
0-2: Ball
1-2: Ball
2-2: Ball
3-2: Foul Ball, location: 2F
3-2: Foul Ball, location: 2F
3-2: SOLO HOME RUN (Flyball, 78XD), Distance : 384 ft
Batting: RHB Nectanebos Dolenian 0-0: Called Strike
0-1: Swinging Strike
0-2: Ball
1-2: Strikes out swinging
Batting: RHB Héctor Rojas 0-0: Ground out 5-3 (Groundball, 56)
Batting: RHB Ralph May 0-0: Ball
1-0: Ball
2-0: Ball
3-0: Base on Balls
Batting: RHB Dan Bernard 0-0: Ball
1-0: Fielders Choice at 2nd, 6-4 (Groundball, 6)
Bottom of the 1st over - 1 run(s), 1 hit(s), 0 error(s), 0 left on base; Wilmington 0 - Hamilton 1
TOP OF THE 2ND
Wilmington Bay Hawks batting - Pitching for Hamilton Coyotes : LHP Earl Brown
Batting: LHB Phil Parkinson 0-0: Swinging Strike
0-1: Ball
1-1: Called Strike
1-2: Ball
2-2: Ball
3-2: Strikes out looking
Batting: RHB Artie Miller 0-0: Ball
1-0: Ball
2-0: Foul Ball, location: 2F
2-1: Ball
3-1: Base on Balls
Batting: RHB Ray Flynn 0-0: Fly out, F4 (Popup, 4M)
Batting: SHB Juan Brito 0-0: Called Strike
0-1: Foul Ball, location: 2F
0-2: Foul Ball, location: 2F
0-2: Ground out 2-3 (Groundball, 13S)
Top of the 2nd over - 0 run(s), 0 hit(s), 0 error(s), 1 left on base; Wilmington 0 - Hamilton 1
BOTTOM OF THE 2ND
Hamilton Coyotes batting - Pitching for Wilmington Bay Hawks : LHP Cyrille Bertoletti
Batting: LHB Ralph Dunford 0-0: Ball
1-0: SINGLE (Groundball, 34D)
Batting: RHB Monty Sharp 0-0: Ball
1-0: Swinging Strike
1-1: Foul Ball, location: 2F
1-2: Foul Ball, location: 2F
1-2: Foul Ball, location: 2F
1-2: Ball
2-2: SINGLE (Line Drive, 9LM)
Ralph Dunford to second
Batting: RHB Stan Pierce 0-0: Ball
1-0: Ball
2-0: Ball
3-0: Base on Balls
Ralph Dunford to third
Monty Sharp to second
Batting: RHB Anthony Trujillo 0-0: Ball
1-0: Ball
2-0: Called Strike
2-1: Foul Ball, location: 2F
2-2: Fly out, F8 (Flyball, 8LM)
Runner from 3rd tags up, SCORES, throw made
Batting: RHB Jon Erickson 0-0: Ball
1-0: Called Strike
1-1: Fly out, F9 (Flyball, 9M)
Batting: RHB Nectanebos Dolenian 0-0: Foul Ball, location: 2F
0-1: Ground out 5-3 (Groundball, 56)
Bottom of the 2nd over - 1 run(s), 2 hit(s), 0 error(s), 2 left on base; Wilmington 0 - Hamilton 2
TOP OF THE 3RD
Wilmington Bay Hawks batting - Pitching for Hamilton Coyotes : LHP Earl Brown
Batting: RHB Daniel Cooper 0-0: Ball
1-0: Ball
2-0: Called Strike
2-1: Fly out, F8 (Flyball, 8LM)
Batting: RHB Clarence Therrien 0-0: Ball
1-0: Ball
2-0: Ball
3-0: Base on Balls
Batting: LHB Dave Smerdon 0-0: Swinging Strike
0-1: Fly out, F5 (Popup, 5F)
Batting: RHB Stephen Johnson 0-0: Called Strike
Clarence Therrien steals 2nd base
0-1: Ball
1-1: Ball
2-1: Ball
3-1: Called Strike
3-2: Base on Balls
Batting: RHB Phil Terry 0-0: Called Strike
0-1: SINGLE (Line Drive, 6D)
Clarence Therrien to third
Stephen Johnson to second
Runner from 3rd tries for Home, SAFE, no throw or cutoff
Batting: LHB Phil Parkinson 0-0: Called Strike
0-1: Swinging Strike
0-2: Ball
1-2: SINGLE (Line Drive, 4MD)
Stephen Johnson to third
Phil Terry to second
Runner from 3rd tries for Home, SAFE, no throw or cutoff
Batting: RHB Artie Miller 0-0: Ball
1-0: Ball
2-0: Fielders Choice at 2nd, U6 (Groundball, 6M)
Top of the 3rd over - 2 run(s), 2 hit(s), 0 error(s), 2 left on base; Wilmington 2 - Hamilton 2
BOTTOM OF THE 3RD
Hamilton Coyotes batting - Pitching for Wilmington Bay Hawks : LHP Cyrille Bertoletti
Batting: RHB Héctor Rojas 0-0: Ball
1-0: Ground out 3-1 (Groundball, 34)
Batting: RHB Ralph May 0-0: Ball
1-0: Swinging Strike
1-1: Fly out, F6 (Line Drive, 6M)
Batting: RHB Dan Bernard 0-0: Called Strike
0-1: Ground out 4-3 (Groundball, 4)
Bottom of the 3rd over - 0 run(s), 0 hit(s), 0 error(s), 0 left on base; Wilmington 2 - Hamilton 2
TOP OF THE 4TH
Wilmington Bay Hawks batting - Pitching for Hamilton Coyotes : LHP Earl Brown
Batting: RHB Ray Flynn 0-0: SINGLE (Line Drive, 89M)
Batting: SHB Juan Brito 0-0: Ball
1-0: Grounds into double play, 5-4-3 (Groundball, 5L)
Batting: RHB Daniel Cooper 0-0: Ball
1-0: Swinging Strike
1-1: Ball
2-1: Called Strike
2-2: SINGLE (Groundball, 5L)
Batting: RHB Clarence Therrien 0-0: Ground out U3 (Groundball, 3)
Top of the 4th over - 0 run(s), 2 hit(s), 0 error(s), 1 left on base; Wilmington 2 - Hamilton 2
BOTTOM OF THE 4TH
Hamilton Coyotes batting - Pitching for Wilmington Bay Hawks : LHP Cyrille Bertoletti
Batting: LHB Ralph Dunford 0-0: Called Strike
0-1: Foul Ball, location: 2F
0-2: Ball
1-2: Fly out, F7 (Flyball, 78M)
Batting: RHB Monty Sharp 0-0: Called Strike
0-1: Foul Ball, location: 2F
0-2: Ball
1-2: SINGLE (Flyball, 9LS)
Batting: RHB Stan Pierce 0-0: Called Strike
0-1: Fly out, F8 (Flyball, 8RM)
Batting: RHB Anthony Trujillo 0-0: Ball
1-0: Called Strike
1-1: Ball
2-1: Foul Ball, location: 2F
2-2: SINGLE (Line Drive, 6D)
Monty Sharp to second
Batting: RHB Jon Erickson 0-0: Ball
1-0: Ball
2-0: Called Strike
2-1: Ball
3-1: Called Strike
3-2: Fly out, F9 (Flyball, 89S)
Bottom of the 4th over - 0 run(s), 2 hit(s), 0 error(s), 2 left on base; Wilmington 2 - Hamilton 2
TOP OF THE 5TH
Wilmington Bay Hawks batting - Pitching for Hamilton Coyotes : LHP Earl Brown
Batting: LHB Dave Smerdon 0-0: Ball
1-0: Swinging Strike
1-1: Bunt for hit - play at first, batter OUT! 2-3
Batting: RHB Stephen Johnson 0-0: Swinging Strike
0-1: Ball
1-1: Ball
2-1: Called Strike
2-2: Ball
3-2: Foul Ball, location: 2F
3-2: Base on Balls
Batting: RHB Phil Terry 0-0: Ball
1-0: Ball
2-0: 2-RUN HOME RUN (Flyball, 78D), Distance : 403 ft
Batting: LHB Phil Parkinson 0-0: Ground out 3-1 (Groundball, 34)
Batting: RHB Artie Miller Single, Error in OF, E7, batter to second base
Batting: RHB Ray Flynn 0-0: Swinging Strike
0-1: Ball
1-1: Ball
2-1: Ground out 5-3 (Groundball, 56S)
Top of the 5th over - 2 run(s), 2 hit(s), 1 error(s), 1 left on base; Wilmington 4 - Hamilton 2
BOTTOM OF THE 5TH
Hamilton Coyotes batting - Pitching for Wilmington Bay Hawks : LHP Cyrille Bertoletti
Batting: RHB Nectanebos Dolenian 0-0: Ball
1-0: Ball
2-0: Ball
3-0: Called Strike
3-1: Swinging Strike
3-2: Foul Ball, location: 2F
3-2: Ground out 5-3 (Groundball, 5)
Batting: RHB Héctor Rojas 0-0: Ball
1-0: Called Strike
1-1: Ground out 6-3 (Groundball, 6)
Batting: RHB Ralph May 0-0: Called Strike
0-1: Ball
1-1: Ball
2-1: Called Strike
2-2: Ball
3-2: SOLO HOME RUN (Flyball, 8LD), Distance : 424 ft
Batting: RHB Dan Bernard 0-0: Ball
1-0: Ground out 6-3 (Groundball, 6)
Bottom of the 5th over - 1 run(s), 1 hit(s), 0 error(s), 0 left on base; Wilmington 4 - Hamilton 3
TOP OF THE 6TH
Wilmington Bay Hawks batting - Pitching for Hamilton Coyotes : LHP Earl Brown
Batting: SHB Juan Brito 0-0: Fly out, F8 (Flyball, 8LM)
Batting: RHB Daniel Cooper 0-0: Ball
1-0: Ball
2-0: Ball
3-0: Called Strike
3-1: Fly out, F4 (Popup, 4M)
Batting: RHB Clarence Therrien 0-0: Ball
1-0: Called Strike
1-1: Ball
2-1: Foul Ball, location: 2F
2-2: Ground out U3 (Groundball, 3)
Top of the 6th over - 0 run(s), 0 hit(s), 0 error(s), 0 left on base; Wilmington 4 - Hamilton 3
BOTTOM OF THE 6TH
Hamilton Coyotes batting - Pitching for Wilmington Bay Hawks : LHP Cyrille Bertoletti
Batting: LHB Ralph Dunford 0-0: Called Strike
0-1: Foul Ball, location: 2F
0-2: Ground out 4-3 (Groundball, 4)
Batting: RHB Monty Sharp 0-0: Swinging Strike
0-1: Called Strike
0-2: Ball
1-2: Ball
2-2: Ball
3-2: Base on Balls
Batting: RHB Stan Pierce 0-0: Called Strike
0-1: Swinging Strike
0-2: SINGLE (Popup, 89S)
Monty Sharp to second
Runner from 2nd tries for 3rd, SAFE, throw made to third
Stan Pierce to second
Batting: RHB Anthony Trujillo 0-0: Ball
1-0: Ground out 6-3 (Groundball, 6M)
Monty Sharp scores
Stan Pierce to third
Batting: RHB Jon Erickson 0-0: Ball
1-0: Called Strike
1-1: Ball
2-1: SINGLE (Line Drive, 7LM)
Stan Pierce scores
Batting: RHB Nectanebos Dolenian 0-0: Called Strike
Jon Erickson is caught stealing 2nd base
Bottom of the 6th over - 2 run(s), 2 hit(s), 0 error(s), 0 left on base; Wilmington 4 - Hamilton 5
TOP OF THE 7TH
Wilmington Bay Hawks batting - Pitching for Hamilton Coyotes : LHP Earl Brown
Batting: LHB Dave Smerdon 0-0: Called Strike
0-1: Foul Ball, location: 2F
0-2: SINGLE (Line Drive, 6MD)
Batting: RHB Stephen Johnson 0-0: Bunted foul
0-1: Ball
1-1: Bunt missed!
1-2: Ball
2-2: SINGLE (Line Drive, 56)
Dave Smerdon to second
Batting: RHB Phil Terry 0-0: Ball
1-0: Called Strike
1-1: Ball
2-1: Swinging Strike
2-2: Ball
3-2: Foul Ball, location: 2F
3-2: Base on Balls
Dave Smerdon to third
Stephen Johnson to second
Pitching: RHP Jim Unknown
Pinch Hitting: LHB Nelson Castillo 0-0: Ball
1-0: Ball
2-0: Called Strike
2-1: Called Strike
2-2: Ball
3-2: Base on Balls
Dave Smerdon scores
Stephen Johnson to third
Phil Terry to second
Batting: RHB Artie Miller 0-0: Called Strike
0-1: Ball
1-1: Ball
2-1: Foul Ball, location: 2F
2-2: Ball
3-2: Fly out, F8 (Flyball, 8RD)
Runner from 3rd tags up, SCORES, no throw
Phil Terry to third
Pinch Hitting: SHB Jim Unknown 0-0: Called Strike
0-1: Ball
1-1: Ball
2-1: SINGLE (Line Drive, 34)
Phil Terry scores
Nelson Castillo to second
Batting: SHB Juan Brito 0-0: Swinging Strike
0-1: Swinging Strike
0-2: Strikes out swinging
Pinch Hitting: SHB Shawn Sánchez 0-0: Fly out, F3 (Line Drive, 3)
Top of the 7th over - 3 run(s), 3 hit(s), 0 error(s), 2 left on base; Wilmington 7 - Hamilton 5
BOTTOM OF THE 7TH
Hamilton Coyotes batting - Pitching for Wilmington Bay Hawks : LHP Cyrille Bertoletti
Now at 1B: Edgardo Téllez
Now at 3B: Jim Unknown
Now in CF: Shawn Sánchez
Batting: RHB Nectanebos Dolenian 0-0: Ball
1-0: Ball
2-0: Called Strike
2-1: Called Strike
2-2: Foul Ball, location: 2F
2-2: Reached on error, E6 (Groundball, 6MS)
Pitching: RHP Jen-djieh Si
Batting: RHB Héctor Rojas 0-0: Called Strike
0-1: Ball
1-1: Hit by Pitch
Nectanebos Dolenian to second
Batting: RHB Ralph May 0-0: Foul Ball, location: 2F
0-1: Ball
1-1: Ball
2-1: Called Strike
2-2: SINGLE (Line Drive, 89S)
Nectanebos Dolenian to third
Héctor Rojas to second
Runner from 3rd tries for Home, throw and OUT!
Héctor Rojas to third
Ralph May to second
Batting: RHB Dan Bernard 0-0: Foul Ball, location: 2F
0-1: Ball
1-1: Called Strike
1-2: Ball
2-2: Ball
3-2: Foul Ball, location: 2F
3-2: Base on Balls
Batting: LHB Ralph Dunford 0-0: Called Strike
0-1: Grounds into double play, 4-6-3 (Groundball, 4)
Bottom of the 7th over - 0 run(s), 1 hit(s), 1 error(s), 2 left on base; Wilmington 7 - Hamilton 5
TOP OF THE 8TH
Wilmington Bay Hawks batting - Pitching for Hamilton Coyotes : RHP Jim Unknown
Batting: RHB Clarence Therrien 0-0: Called Strike
0-1: Swinging Strike
0-2: Ball
1-2: Strikes out looking
Batting: LHB Dave Smerdon 0-0: Fly out, F8 (Flyball, 8LM)
Batting: RHB Stephen Johnson 0-0: Fly out, F8 (Flyball, 8RM)
Top of the 8th over - 0 run(s), 0 hit(s), 0 error(s), 0 left on base; Wilmington 7 - Hamilton 5
BOTTOM OF THE 8TH
Hamilton Coyotes batting - Pitching for Wilmington Bay Hawks : RHP Jen-djieh Si
Batting: RHB Monty Sharp 0-0: Called Strike
0-1: Ball
1-1: Ball
2-1: Foul Ball, location: 2F
2-2: Strikes out looking
Batting: RHB Stan Pierce 0-0: Called Strike
0-1: Ball
1-1: Foul Ball, location: 2F
1-2: Ground out 5-3 (Groundball, 56)
Batting: RHB Anthony Trujillo 0-0: SINGLE (Groundball, 56D)
Batting: RHB Jon Erickson 0-0: Called Strike
0-1: Ball
1-1: Ball
2-1: Foul Ball, location: 2F
2-2: Foul Ball, location: 2F
2-2: Foul Ball, location: 2F
2-2: SINGLE (Groundball, 4M)
Anthony Trujillo to second
Batting: RHB Nectanebos Dolenian 0-0: Foul Ball, location: 2F
0-1: Ball
1-1: Foul Ball, location: 2F
1-2: DOUBLE (Flyball, 7LD)
Anthony Trujillo scores
Jon Erickson to third
Pinch Runner at 2nd Carlos Mercado:
Batting: RHB Héctor Rojas 0-0: Ball
1-0: Ball
2-0: Ball
3-0: Base on Balls
Batting: RHB Ralph May 0-0: Called Strike
0-1: Ball
1-1: Ball
2-1: Ball
3-1: Fly out, F3 (Popup, 3DF)
Bottom of the 8th over - 1 run(s), 3 hit(s), 0 error(s), 3 left on base; Wilmington 7 - Hamilton 6
TOP OF THE 9TH
Wilmington Bay Hawks batting - Pitching for Hamilton Coyotes : RHP Jim Unknown
Pitching: RHP Jim Unknown
Now at C: Carlos Mercado
Batting: RHB Phil Terry 0-0: Called Strike
0-1: Ball
1-1: Swinging Strike
1-2: Strikes out swinging
Batting: LHB Edgardo Téllez 0-0: Called Strike
0-1: Ball
1-1: Swinging Strike
1-2: Strikes out swinging
Batting: RHB Artie Miller 0-0: Ball
1-0: Ball
2-0: Ball
3-0: Called Strike
3-1: Foul Ball, location: 2F
3-2: Base on Balls
Batting: SHB Jim Unknown 0-0: Ball
1-0: Ball
Single, Error in OF, E8, batter to second base
Artie Miller to third
Batting: SHB Juan Brito 0-0: Ball
Single, Error in OF, E9, batter to second base
Artie Miller scores
Jim Unknown scores
Batting: SHB Shawn Sánchez 0-0: Called Strike
0-1: Ball
1-1: Ball
2-1: Ball
3-1: Called Strike
3-2: Strikes out swinging
Top of the 9th over - 2 run(s), 2 hit(s), 2 error(s), 1 left on base; Wilmington 9 - Hamilton 6
BOTTOM OF THE 9TH
Hamilton Coyotes batting - Pitching for Wilmington Bay Hawks : RHP Jen-djieh Si
Pitching: RHP Chris Schaefer
Batting: RHB Dan Bernard 0-0: Called Strike
0-1: Ball
1-1: Ground out 1-3 (Groundball, 15)
Batting: LHB Ralph Dunford 0-0: Called Strike
0-1: Foul Ball, location: 2F
0-2: Ball
1-2: SINGLE (Groundball, 34D)
Pitching: RHP Manny Hernández
Batting: RHB Monty Sharp 0-0: Ball
1-0: Called Strike
1-1: Foul Ball, location: 2F
1-2: Fly out, F8 (Flyball, 8LM)
Batting: RHB Stan Pierce 0-0: Swinging Strike
0-1: Foul Ball, location: 2F
0-2: Ball
1-2: Ball
2-2: Strikes out looking
Bottom of the 9th over - 0 run(s), 1 hit(s), 0 error(s), 1 left on base; Wilmington 9 - Hamilton 6
This league is powered by Out of the Park Baseball, the baseball management simulation game for PC, Mac and Linux
Monday, October 3rd, 2016 - OOTP Baseball 16.9 Build 39